 Dungeon Crawl Stone Soup version 0.32-a0-576-g706899e69d (webtiles) character file.

Game seed: 15570981350192762252

1132 Sobieck the Skirmisher (level 8, 0/56 HPs)
             Began as a Coglin Hunter on Mar 1, 2024.
             Was a Follower of Okawaru.
             Succumbed to a killer bee's poison
             ... on level 6 of the Dungeon.
             The game lasted 00:09:42 (4371 turns).

Sobieck the Skirmisher (Coglin Hunter)              Turns: 4371, Time: 00:09:43

Health: 0/56       AC:  6    Str: 12    XL:     8   Next: 36%
Magic:  8/8        EV: 12    Int:  8    God:    Okawaru [*.....]
Gold:   41         SH:  0    Dex: 20    Spells: 7/7 levels left

rFire   . . .        a - +3 sling {Luis}
rCold   . . .        d - +0 sling {Armando}
rNeg    . . .        c - +0 leather armour
rPois   .            k - +0 helmet
rElec   .            v - +0 cloak
rCorr   .            (no gloves)
SInv    .            t - +0 pair of boots
Will    .....        (amulet unavailable)
Stlth   ++           (ring unavailable)
HPRegen 0.29/turn    (ring unavailable)
MPRegen 0.11/turn    (no gizmo)

%: no passive effects
@: lethally poisoned (0 -> -25), revved
A: off-hand wielding, slow wielding, warmup strikes, no jewellery
a: Invent Gizmo, Renounce Religion, Heroism


You were on level 6 of the Dungeon.
You worshipped Okawaru.
Okawaru was aware of your devotion.
You visited 2 branches of the dungeon, and saw 7 of its levels.

You collected 306 gold pieces.
You spent 265 gold pieces at shops.

Inventory:

Hand Weapons
 a - a +3 sling (weapon) {Luis}
 d - a +0 sling (offhand) {Armando}
Missiles
 F - 6 curare-tipped darts
Armour
 c - a +0 leather armour (worn)
 k - a +0 helmet (worn)
 t - a +0 pair of boots (worn)
 v - a +0 cloak (worn)
Wands
 s - a wand of polymorph (10)
Scrolls
 b - a scroll of butterflies
 g - a scroll of noise
 j - 2 scrolls of poison
 o - 2 scrolls of fear
 w - a scroll of revelation
 x - a scroll of immolation
 T - 3 scrolls of teleportation
Potions
 e - 2 potions of attraction
 f - a potion of might
 h - a potion of enlightenment {unknown}
 m - 2 potions of lignification
 n - a potion of mutation
 p - 2 potions of brilliance
 r - a potion of resistance
 u - a potion of invisibility
 Q - 5 potions of curing


   Skills:
 - Level 2.0 Fighting
 + Level 9.6 Ranged Weapons
 - Level 1.7 Dodging
 - Level 0.7 Stealth


You had 7 spell levels left.
You didn't know any spells.
Your spell library contained the following spells:

 Spells                   Type           Power      Damage    Failure   Level
 Sting                    Conj/Alch      0%         1d3       50%         1
 Mercury Vapours          Alch/Air       0%         N/A       63%         2
 Mephitic Cloud           Conj/Alch/Air  0%         N/A       86%         3
 Olgreb's Toxic Radiance  Alch           0%         N/A       99%         4
 Freezing Cloud           Conj/Ice/Air   0%         6-21      100%        5
 Summon Small Mammal      Summ           Unusable   N/A       N/A         1
 Call Canine Familiar     Summ           Unusable   N/A       N/A         3
 Summon Blazeheart Golem  Fire/Summ      Unusable   N/A       N/A         4

Dungeon Overview and Level Annotations

Branches:
Dungeon (6/15)             Temple (1/1) D:4

Altars:
Dithmenos
Gozag
Hepliaklqana
Makhleb
Okawaru
Qazlal
Ru
Sif Muna
Uskayaw
Wu Jian
Xom
Yredelemnul
Zin

Shops:
D:1 ?

Annotations:
D:5 3 runed translucent doors, 7151Change's ghost, novice CoGl


Innate Abilities, Weirdness & Mutations

You can wield a second weapon in your off-hand.
It takes a long time for you to wield or remove held weapons.
Your first few attacks do less damage.
You cannot equip rings or amulets.


Message History

* * * LOW HITPOINT WARNING * * *
You are too injured to fight recklessly!
You are too injured to fight recklessly!
You are too injured to fight recklessly!
You are too injured to fight recklessly!
You are too injured to fight recklessly!
You shoot a sling bullet.
The sling bullet closely misses the killer bee.
The sling bullet hits the killer bee.
The killer bee is severely wounded.
You shoot a sling bullet.
The sling bullet closely misses the killer bee.
The sling bullet hits the killer bee but does no damage.
The killer bee is severely wounded.
You feel sick. The killer bee stings you.
* * * LOW HITPOINT WARNING * * *
You are more poisoned.
The killer bee poisons you! The killer bee closely misses you.
You shoot a sling bullet. The sling bullet misses the killer bee.
The sling bullet hits the killer bee.
The killer bee is almost dead.
You shoot a sling bullet. The sling bullet hits the killer bee!
The killer bee is almost dead.
You feel very sick. The killer bee stings you.
* * * LOW HITPOINT WARNING * * *
You are lethally poisoned!
The killer bee poisons you! The killer bee stings you.
* * * LOW HITPOINT WARNING * * *
You shoot a sling bullet. The killer bee buzzes angrily.
The sling bullet hits the killer bee.
You kill the killer bee!
Okawaru accepts your kill.
You shoot a sling bullet. The sling bullet hits the killer bee!
You kill the killer bee!
Okawaru accepts your kill.
* * * LOW HITPOINT WARNING * * *
You feel very sick. The killer bee stings you.
* * * LOW HITPOINT WARNING * * *
You are more poisoned.
The killer bee poisons you!
You shoot a sling bullet.
The sling bullet barely misses the killer bee.
The sling bullet hits the killer bee!
The killer bee is heavily wounded.
You shoot a sling bullet. The sling bullet hits the killer bee.
The killer bee is moderately wounded.
You die...

##### #...###y# ##
#........ .# #...# .#
###########.####.#
..<
.......@yy.......#
#####
############y.#######
###.###.###.###.###.#
#..#.#.#.#.#.#.#.#..#
...#.#.#.#.#.#.#.#..#
#####.###.###.###.###
### ### ### ###


You could see 3 killer bees.

Vanquished Creatures
  2 ice beasts
  A black bear (D:5)
  3 phantoms
  A bullfrog (D:4)
  2 killer bees (D:6)
  2 hounds (D:5)
  A jelly (D:4)
  3 orc priests
  An iguana (D:6)
  Natasha (D:4)
  An orc wizard (D:4)
  6 adders
  7 gnolls (D:4)
  A white imp (D:5)
  3 dart slugs
  2 ribbon worms (D:4)
  15 orcs
  7 endoplasms
  2 giant cockroaches (D:1)
  5 goblins
  12 hobgoblins
  A quokka (D:4)
  10 ball pythons
  2 bats
  4 frilled lizards
  10 kobolds
  11 rats
116 creatures vanquished.

Notes
Turn   | Place    | Note
-------+----------+-------------------------------------------
     0 | D:1      | Sobieck the Coglin Hunter began the quest for the Orb.
     0 | D:1      | Reached XP level 1. HP: 16/16 MP: 1/1
   105 | D:1      | Found Daujia Hiqu's Magic Scroll Emporium.
   109 | D:1      | Bought a scroll of identify for 20 gold pieces
   182 | D:1      | Reached skill level 4 in Ranged Weapons
   182 | D:1      | Reached XP level 2. HP: 22/22 MP: 2/2
   369 | D:1      | Reached XP level 3. HP: 27/27 MP: 3/3
   721 | D:1      | Bought a scroll of teleportation for 30 gold pieces
   753 | D:2      | Found an ornate altar of the Wu Jian Council.
  1090 | D:2      | Found a faded altar of an unknown god.
  1413 | D:1      | Bought a scroll of fear for 40 gold pieces
  1627 | D:3      | Reached skill level 5 in Ranged Weapons
  1643 | D:3      | Reached XP level 4. HP: 33/33 MP: 4/4
  2041 | D:4      | Found a shadowy altar of Dithmenos.
  2182 | D:4      | Reached XP level 5. HP: 38/38 MP: 5/5
  2203 | D:4      | Reached skill level 6 in Ranged Weapons
  2280 | D:4      | Found a burning altar of Makhleb.
  2405 | D:4      | Reached XP level 6. HP: 40/44 MP: 6/6
  2547 | D:4      | Noticed an ice beast
  2560 | D:4      | Killed an ice beast
  2561 | D:4      | Reached skill level 7 in Ranged Weapons
  2666 | D:4      | Noticed Natasha
  2670 | D:4      | Killed Natasha
  2751 | D:4      | Found a staircase to the Ecumenical Temple.
  2775 | D:4      | Reached XP level 7. HP: 36/50 MP: 7/7
  2789 | Temple   | Entered the Ecumenical Temple
  2798 | Temple   | Became a worshipper of Warmaster Okawaru
  3006 | D:1      | Bought 3 scrolls of identify for 60 gold pieces
  3006 | D:1      | Bought a scroll of revelation for 75 gold pieces
  3006 | D:1      | Bought a scroll of immolation for 40 gold pieces
  3082 | D:5      | Entered Level 5 of the Dungeon
  3107 | D:5      | Found a sacrificial altar of Ru.
  3286 | D:5      | Reached skill level 8 in Ranged Weapons
  3311 | D:5      | Found a runed translucent gate.
  3312 | D:5      | Found a runed translucent gate.
  3313 | D:5      | Found a runed translucent gate.
  3315 | D:5      | Noticed 7151Change's ghost (novice CoGl)
  3523 | D:5      | Reached * piety under Okawaru
  3557 | D:5      | Reached XP level 8. HP: 47/56 MP: 8/8
  3803 | D:5      | Reached skill level 9 in Ranged Weapons
  4371 | D:6      | Succumbed to a killer bee's poison

Illustrated notes

Levels and vault maps discovered:
D:1:      denvon_arrival_planthouse, layout_loops_ring, serial_shops, shop,
          amcnicky_mini_rare_corridor_liquid
D:2:      layout_loops_cross, serial_glass, glass_columns_b, glass_columns_a,
          glass_columns_b, glass_columns_a, glass_columns_a, glass_columns_c,
          ebering_ecumenical_altar_sacrificial, basic_altar,
          lexackson_kobold_supper
D:3:      layout_loops_ring
D:4:      nicolae_cairo_tiling_very_big, layout_basic,
          mainiacjoe_overflow_brackets, grunt_dithmenos_smoke,
          minmay_temple_entry_purple_smoke, minmay_misc_feat_enclosed,
          corexii_mini_fake_secret_closet, uniq_natasha
D:5:      layout_basic, nicolae_ru_sacrificial_ziggurat,
          ebering_ghost_rock_garden, minmay_misc_feat_pillars,
          nicolae_figureground_pulse
D:6:      layout_loops_ring, fedhas_altar_decomposition, kennysheep_mini_moat,
          st_stairs_3, grunt_decor_resistance
Temple:   dpeg_three_leaves_temple

Skill      XL: |  1  2  3  4  5  6  7  8 |
---------------+-------------------------+-----
Ranged Weapons | 4 5 6 7 8 9 |  9.6
Fighting       | |  2.0
Dodging        | |  1.7
Stealth        | |  0.7

Action                     |  1- 3 |  4- 6 |  7- 9 || total
---------------------------+-------+-------+-------++-------
   Fire: Sling             |   200 |   204 |   192 ||   596
    Use: Scroll            |     2 |     4 |     9 ||    15
 Armour: Leather armour    |     7 |    11 |    31 ||    49
  Dodge: Dodged            |    13 |    13 |    26 ||    52

Table legend: (Time is in decaauts)
 A = Elapsed time spent in this place.
 B = Non-inter-level travel time spent in this place.
 C = Inter-level travel time spent in this place.
 D = Time resting spent in this place.
 E = Time spent auto-exploring this place.
 F = Levels seen in this place.
 G = Mean time per level.
                   A        B        C        D        E       F      G
               +--------+--------+--------+--------+--------+-----+--------+
         Total |   4413 |   3985 |    428 |      0 |   3324 |   7 |  630.4 |
       Dungeon |   4394 |   3975 |    419 |      0 |   3324 |   6 |  732.3 |
        Temple |     18 |      9 |      9 |      0 |      0 |   1 |   18.0 |
               +--------+--------+--------+--------+--------+-----+--------+

Top non-repeatable levels by time:
     D:5: 1199 daAuts
     D:4: 914 daAuts
     D:1: 840 daAuts
     D:2: 704 daAuts
     D:3: 649 daAuts
     D:6: 85 daAuts
  Temple: 18 daAuts
